cohdb
Replays
Latest Replays
All Replays
Popular Replays
Top Player Replays
Match Explorer
How It Works
Community
CoH3 Stats
Reddit
Sign in to upload your games and track your stats! →
Sign in with Steam
Match 42340525
Unlisted
Match 42340525
Overview
Messages
Build Orders
End
Panzergrenadier Squad
Selects Battlefield Espionage Battlegroup
Panzergrenadier Squad
250 Light Carrier
Selects 250/3 Funkpanzerwagen
Construct Light Support Kompanie
Fire Support Elements
Selects Sector Subterfuge Beacon
Combat Half-tracks
Panzerjäger Mechanized Group
Selects Plunder
Flakvierling Half-track
Construct Panzerarmee Kommand
Pak 38 Mechanized Group
Selects Firestorm
Firestorm
Panzer III L Medium Tank
Selects Anti-Tank Incendiary Munitions
Panzer III L Medium Tank
Walking Stuka Rocket Launcher
Armored Reserves
StuG Assault Group
Selects Operation Skorpion
Tiger Heavy Tank
Panzerpioneer Squad
Panzerpioneer Squad
Walking Stuka Rocket Launcher
Walking Stuka Rocket Launcher
2.5-tonne Medical Truck
Panzergrenadier Squad
MG34 Team
Panzer IV Assault Group
Firestorm
VexingWeeb - Discord
12th SS Youth Panzer Division
Ian
giants041
Mr. Blonde
Dreyrugr
[GG]Onkel Stonkel
[GG]Quiq
0
0
Comments
sign in to comment!
No comments posted yet!